 Dungeon Sprint DCSS version 0.18-a0-1040-g4865665 (webtiles) character file.

1304 Arkorax the Fighter (level 8, -18/94 HPs)
             Began as a Naga Berserker on Jan 10, 2016.
             Was a High Priest of Trog.
             Demolished by a soul eater (22 damage)
             ... summoned by an orc sorcerer
             ... in the Dungeon (Sprint III: "The Ten Rune Challenge").
             The game lasted 00:02:15 (980 turns).

Arkorax the Fighter (Naga Berserker)                 Turns: 980, Time: 00:02:15

Health: -18/94     AC:  3    Str: 22    XL:     8   Next: 57%
Magic:  8/8        EV:  9    Int:  8    God:    Trog [*****.]
Gold:   50         SH:  0    Dex: 10    Spells: 0 memorised, 7 levels left

rFire  . . .     SeeInvis +     a - +0 hand axe
rCold  . . .     Gourm    .     b - +0 animal skin
rNeg   . . .     Faith    .     (no shield)
rPois  +         Spirit   .     (no helmet)
rElec  .         Dismiss  .     (no cloak)
rCorr  .         Reflect  .     (no gloves)
SustAt .         Harm     .     (no barding)
MR     +....     NoTele   +     (no amulet)
Stlth  +.........               (no ring)
                                (no ring)

@: exhausted, very slightly contaminated, slowed, drained, very slow, somewhat
resistant to hostile enchantments, very unstealthy
A: see invisible, deformed body, poison resistance, slowness 2, slow metabolism
1, spit poison 2, AC +2
a: Spit Poison, Berserk, Trog's Hand, Brothers in Arms, Burn Spellbooks,
Renounce Religion


You were in the Dungeon.
You worshipped Trog.
Trog was extremely pleased with you.
You were not hungry.

You visited 1 branch You collected 50 gold pieces.

Inventory:

Hand Weapons
 a - a +0 hand axe (weapon)
Armour
 b - a +0 animal skin (worn)
Scrolls
 j - 2 scrolls of identify {unknown}
 m - a scroll of holy word {unknown}
 n - 2 scrolls of remove curse
 q - a scroll of immolation {unknown}
 r - a scroll of fog {unknown}
 s - a scroll of enchant weapon {unknown}
Potions
 e - 2 potions of heal wounds
 f - a potion of haste
 g - 2 potions of magic
 h - a potion of berserk rage
 l - 2 potions of mutation {unknown}
 o - 2 potions of cure mutation {unknown}
 p - 4 potions of flight
Books
 k - a Young Poisoner's Handbook

   Spells                             Type                      Level
   a - Sting                          Conjuration/Poison           1
   b - Cure Poison                    Poison                       2
   c - Mephitic Cloud                 Conjuration/Poison/Air       3
   d - Olgreb's Toxic Radiance        Poison                       4
   e - Venom Bolt                     Conjuration/Poison           5
   Trog disapproves of the use of such an item.
Comestibles
 c - 6 chunks of flesh
 t - 2 royal jellies


   Skills:
 + Level 13.0(12.1) Fighting
 + Level 13.0(12.0) Axes
 - Level 1.5(0.8) Armour
 - Level 1.5(0.8) Dodging


You had 7 spell levels left.
You didn't know any spells.

Dungeon Overview and Level Annotations

Branches:
Dungeon (1/1)

Altars:
Cheibriados
Dithmenos
Elyvilon
Fedhas
Gozag
Kikubaaqudgha
Makhleb
Nemelex Xobeh
Okawaru
Pakellas
Qazlal
Ru
Sif Muna
Trog
Vehumet
Xom
Yredelemnul
Zin
The Shining One
Jiyva
Lugonu


Innate Abilities, Weirdness & Mutations

You cannot wear boots.
Your serpentine skin is tough (AC +2).
You have supernaturally acute eyesight.
Armour fits poorly on your strangely shaped body.
Your system is resistant to poisons.
You cover ground very slowly.
You have a slow metabolism.
You can spit poison.


Message History

You feel troubled.
The orc sorcerer hits you but does no damage.
The soul eater hits you.
* * * LOW HITPOINT WARNING * * *
An orc comes into view. It is wielding a falchion.
Unknown command.
Read which item? (? for menu, Esc to quit)
Blink to where?
Press: ? - help, Dir - move target cursor You are very lightly contaminated with residual magic.
As you read the scroll of blinking, it crumbles to dust.
The soul eater draws from the surrounding life force!
* * * LOW HITPOINT WARNING * * *
The soul eater is healed.
Things that are here:
a giant spiked club; a giant club; a two-headed ogre skeleton Unknown command.
Your ogre goes berserk!
You feel somewhat more hungry. The soul eater hits you!!
You die...

#..###'#'###)##oo
#..#..........#o.
...'.⌠........#4#
...#...######'#o#
...#.⌠.#v_#...#'#### #
...#...#__#...#.o.o#.#
...#'###__#...##.#).#
...#)).#__#...'##3#.#
...#___#__+...#O@)# .#
▓▓▓▓▓▓▓▓▓▓▓▓▓▓▓▓▓▓▓ ▓


You could see a soul eater, an orc sorcerer and a friendly ogre (berserk).

Vanquished Creatures
  A deep elf mage (D)
  A shadow (D)
  A necrophage (D)
  3 two-headed ogres (D)
  A water elemental (D)
  A jelly (D)
  A necromancer (D)
  A wizard (D)
  A wolf (D)
  3 humans (D)
  A kobold demonologist (D)
  An ooze (D)
  3 rats (D)
19 creatures vanquished.

Vanquished Creatures (others)
  2 draconian scorchers (D)
  2 yaktaurs (D)
  2 plants (D)
6 creatures vanquished.

Grand Total: 25 creatures vanquished

Notes
Turn   | Place    | Note
--------------------------------------------------------------
     0 | D        | Arkorax the Naga Berserker began the quest for the Orb.
     0 | D        | Reached XP level 1. HP: 21/21 MP: 1/1
    44 | D        | Killed a yaktaur
    56 | D        | Reached ** piety under Trog
    64 | D        | Reached skill level 4 in Fighting
    64 | D        | Reached XP level 2. HP: 23/30 MP: 2/2
   107 | D        | Killed a yaktaur
   118 | D        | Noticed a wolf
   122 | D        | Killed a wolf
   122 | D        | Reached skill level 5 in Fighting
   122 | D        | Reached skill level 5 in Axes
   122 | D        | Reached XP level 3. HP: 39/39 MP: 3/3
   144 | D        | Killed a white draconian scorcher
   183 | D        | Noticed a water elemental
   191 | D        | Killed a water elemental
   191 | D        | Reached skill level 7 in Fighting
   191 | D        | Reached XP level 4. HP: 22/51 MP: 4/4
   197 | D        | Killed a white draconian scorcher
   391 | D        | Found a glowing silver altar of Zin.
   392 | D        | Found a glowing golden altar of the Shining One.
   392 | D        | Found a white marble altar of Elyvilon.
   392 | D        | Noticed a deep elf mage
   399 | D        | Killed a deep elf mage
   399 | D        | Reached *** piety under Trog
   399 | D        | Reached skill level 10 in Fighting
   399 | D        | Reached skill level 10 in Axes
   399 | D        | Reached XP level 5. HP: 64/64 MP: 5/5
   399 | D        | Reached XP level 6. HP: 73/73 MP: 6/6
   399 | D        | Reached XP level 7. HP: 80/80 MP: 7/7
   455 | D        | Found a radiant altar of Vehumet.
   456 | D        | Found a deep blue altar of Sif Muna.
   456 | D        | Found an ancient bone altar of Kikubaaqudgha.
   460 | D        | Reached skill level 11 in Fighting
   466 | D        | Reached **** piety under Trog
   512 | D        | Found an iron altar of Okawaru.
   512 | D        | Found a bloodstained altar of Trog.
   512 | D        | Noticed a human
   513 | D        | Noticed a human
   522 | D        | Killed a human
   525 | D        | Killed a human
   525 | D        | Reached skill level 12 in Fighting
   690 | D        | Found a basalt altar of Yredelemnul.
   690 | D        | Found a snail-covered altar of Cheibriados.
   690 | D        | Found a blossoming altar of Fedhas.
   696 | D        | Reached ***** piety under Trog
   719 | D        | Reached XP level 8. HP: 56/89 MP: 8/8
   848 | D        | Noticed a shadow
   857 | D        | Killed a shadow
   893 | D        | Found an oddly glowing altar of Pakellas.
   893 | D        | Found a stormy altar of Qazlal.
   893 | D        | Found a sacrificial altar of Ru.
   893 | D        | Found a burning altar of Makhleb.
   893 | D        | Found a shimmering altar of Xom.
   894 | D        | Found a viscous altar of Jiyva.
   894 | D        | Found a shadowy altar of Dithmenos.
   894 | D        | Found a sparkling altar of Nemelex Xobeh.
   894 | D        | Found a corrupted altar of Lugonu.
   894 | D        | Found an opulent altar of Gozag.
   921 | D        | Reached skill level 13 in Fighting
   954 | D        | Noticed an orc sorcerer
   964 | D        | Noticed an orc sorcerer
   964 | D        | Paralysed by an orc sorcerer for 6 turns
   966 | D        | Noticed a red devil
   967 | D        | Noticed a soul eater
   973 | D        | Noticed a rust devil
   979 | D        | HP: 4/94 [soul eater/drain life[an orc sorcerer] (12)]
   980 | D        | Demolished by a soul eater

Vault maps used:
D:        dungeon_sprint_mu

Action                   |  1- 3 |  4- 6 |  7- 9 || total
-------------------------+-------+-------+-------++-------
Melee: Hand axe          |    19 |     6 |    86 ||   111
Invok: Berserk           |     2 |     1 |     5 ||     8
       Trog's Hand       |     1 |       |     1 ||     2
       Brothers in Arms  |       |       |     1 ||     1
  Use: Scroll            |       |       |     1 ||     1
       Potion            |       |       |     1 ||     1
  Eat: Bread ration      |       |       |     2 ||     2
